 Dungeon Crawl Stone Soup version 0.25.0-9-g26727b657a (webtiles) character file.

Game seed: 6804813945318619834

45210 MordorOrchid the Nimble (level 14, -3/73 HPs)
             Began as a Spriggan Berserker on June 17, 2020.
             Was the Champion of Trog.
             Killed from afar by a lindwurm (36 damage)
             ... with a blast of flame
             ... on level 6 of the Lair of Beasts.
             The game lasted 02:25:10 (24302 turns).

MordorOrchid the Nimble (Spriggan Berserker)       Turns: 24302, Time: 02:25:11

Health: -3/73      AC: 13    Str: 17    XL:     14   Next: 0%
Magic:  7/7        EV: 27    Int: 10    God:    Trog [******]
Gold:   733        SH:  0    Dex: 15    Spells: 13/13 levels left

rFire    . . .     SeeInvis +   y - +4 rapier (antimagic)
rCold    . . .     Gourm    .   (shield restricted)
rNeg     . . .     Faith    +   D - +2 swamp dragon scales
rPois    +         Spirit   .   (helmet restricted)
rElec    .         Reflect  .   J - +0 cloak
rCorr    +         Harm     .   (gloves unavailable)
MR       +++..                  (boots unavailable)
Stlth    +++++.....             P - amulet of faith
HPRegen  0.22/turn              x - ring of resist corrosion
MPRegen  0.10/turn              A - ring of protection from magic

@: mighty, very quick
A: very small, unfitting armour, see invisible, herbivore, speed 3, slow
metabolism 2
a: Berserk, Trog's Hand, Brothers in Arms, Renounce Religion


You were on level 6 of the Lair of Beasts.
You worshipped Trog.
Trog was exalted by your worship.
You were hungry.

You visited 2 branches of the dungeon, and saw 17 of its levels.
You also visited: Ossuary.

You collected 898 gold pieces.
You spent 165 gold pieces at shops.

Inventory:

Hand Weapons
 j - a +0 hunting sling
 n - a +2 flail of holy wrath
 t - a +0 scimitar of distortion
 y - a +4 antimagic rapier (weapon)
 I - a +0 shortbow
 L - a +4 long sword
 N - a +2 spear of freezing
 Q - a +0 quick blade
 Y - a +2 rapier
 Z - a +2 short sword
Missiles
 e - 283 stones
 k - 63 sling bullets
 m - 201 arrows
 o - 68 bolts
 p - 7 atropa-tipped darts
 E - 18 poisoned darts (quivered)
 R - 4 throwing nets
 U - a boomerang
Armour
 v - a +1 robe of cold resistance
 D - +2 swamp dragon scales (worn)
 J - a +0 cloak (worn)
Jewellery
 x - a ring of resist corrosion (left hand)
 A - a ring of protection from magic (right hand)
 P - an amulet of faith (around neck)
 V - an uncursed ring of positive energy
Wands
 d - a wand of random effects (8)
 C - a wand of polymorph (1)
 F - a wand of clouds (7)
 H - a wand of paralysis (5)
 M - a wand of iceblast (3)
 O - a wand of enslavement (5)
Scrolls
 b - 2 scrolls of fear
 g - 13 scrolls of remove curse
 h - 9 scrolls of teleportation
 i - 2 scrolls of immolation
 q - 2 scrolls of silence
 u - 2 scrolls of blinking
 z - 3 scrolls of magic mapping
 X - a scroll of vulnerability
Potions
 a - 3 potions of heal wounds
 f - 2 potions of curing
 l - 3 potions of magic
 r - a potion of ambrosia
 s - 2 potions of flight
 w - 3 potions of lignification
 B - 3 potions of stabbing
 K - a potion of mutation
 S - a potion of might
 T - a potion of cancellation
Miscellaneous
 W - a phial of floods
Comestibles
 c - 11 rations


   Skills:
 + Level 8.1 Fighting
 - Level 12.0 Short Blades
 - Level 4.0 Throwing
 - Level 10.0 Armour
 * Level 14.9 Dodging
 + Level 13.8 Stealth
 - Level 8.0 Evocations


You had 13 spell levels left.
You didn't know any spells.
Your spell library was empty.

Dungeon Overview and Level Annotations

Branches:
Dungeon (11/15)            Temple (0/1) D:5            Lair (6/6) D:8
 Shoals (0/4) Lair:4       Spider (0/4) Lair:2        Slime (0/5) Lair:5
    Orc (0/2) D:9         Ossuary (visited)

Altars:
Dithmenos
Fedhas
Gozag
Kikubaaqudgha
Makhleb
Nemelex Xobeh
Qazlal
Ru
Sif Muna
Trog
Uskayaw
Vehumet
Wu Jian
Zin
The Shining One

Shops:
D:4 !

Annotations:
D:2 1 runed translucent door, exclusion: door
D:8 Gastronok
D:10 Josephine
Lair:3 1 runed translucent door, Shaidar's ghost, journeyman GnFi
Lair:4 exclusion: 4 oklob plants


Innate Abilities, Weirdness & Mutations

You are very small and have problems with some larger weapons.
You are too small for most types of armour.
You have supernaturally acute eyesight. (SInv)
You are a herbivore.
You cover ground extremely quickly.
You need to consume almost no food.


Message History

The poisoned dart barely misses the lindwurm.
Things that are here:
a death yak corpse; a catoblepas corpse; a death yak corpse
Things that are here:
a death yak corpse; a catoblepas corpse; a death yak corpse Unknown command.
You puncture the lindwurm!
The lindwurm is moderately wounded.
You hit the lindwurm.
The lindwurm is moderately wounded.
The lindwurm looks more healthy.
The lindwurm bites you but does no damage.
The lindwurm completely misses you. x2
You completely miss the lindwurm.
The lindwurm is moderately wounded.
You puncture the lindwurm!
The lindwurm is heavily wounded.
The lindwurm breathes flames at you. The blast of flame hits you!!!
You die...

## #.### ##...######## ##
#.P..(@.....#######.
#....k##P..P..##.#..###
##...÷.##.P....##.....#
#.#÷...###.....#.....#
#..#......###...###....
#..##.....÷..#....##...#
#...#....#..8.##....##..#
#YP.#....#.k...#.....#..#
#..####.(8.#...P.#...


You could see a lindwurm (catching breath).

Vanquished Creatures
  3 hydras
  A catoblepas (Lair:6)
  2 two-headed ogres
  12 death yaks
  Urug (Lair:1)
  An ugly thing (D:9)
  9 elephants
  3 black mambas
  A centaur skeleton (D:9)
  Maggie (D:6)
  13 spiny frogs
  3 rime drakes
  8 komodo dragons
  4 merfolk (Lair:4)
  A polar bear (Lair:6)
  A jumping spider (Lair:1)
  Grinder (D:4)
  10 dream sheep (Lair:4)
  11 hippogriffs
  6 blink frogs
  2 redbacks (Lair:1)
  A wraith (D:10)
  2 wyverns
  5 basilisks
  14 yaks
  A vampire mosquito (D:7)
  A steam dragon (D:8)
  Menkaure (D:5)
  Edmund (D:5)
  3 wargs (D:9)
  9 water moccasins
  2 ice beasts (D:5)
  4 orc warriors
  12 porcupines
  2 sky beasts (D:6)
  An eye of draining (D:9)
  A phantom (D:7)
  A black bear (Lair:6)
  5 ogres
  A hornet zombie (Ossuary)
  17 wolves
  5 centaurs
  17 crocodiles
  A big kobold (D:10)
  2 gnoll sergeants
  2 wyvern zombies
  17 bullfrogs
  A water moccasin zombie (D:5)
  3 scorpions
  4 killer bees (D:7)
  17 wights
  A howler monkey (D:6)
  6 crimson imps
  7 hounds
  3 orc priests
  5 bullfrog zombies (Ossuary)
  4 jellies
  A bullfrog skeleton (D:4)
  A gnoll shaman (D:8)
  5 worker ants
  3 iguanas
  6 orc wizards
  Natasha (D:2)
  A killer bee zombie (Ossuary)
  2 hound zombies
  2 hound skeletons
  18 mummies
  2 howler monkey zombies (Ossuary)
  7 worker ant zombies
  14 gnolls
  10 adders
  A shadow imp (D:7)
  2 oozes
  An adder skeleton (D:7)
  5 adder zombies
  2 worms (D:3)
  9 leopard geckos
  40 orcs
  7 giant cockroaches
  6 goblins
  4 hobgoblins (D:1)
  10 jackals
  14 kobolds
  6 quokkas
  3 ball pythons
  9 bats
  5 frilled lizards
  3 leopard gecko zombies
  5 rats
  A butterfly (Lair:4)
479 creatures vanquished.

Vanquished Creatures (others)
  A human (D:5)
  13 bushes (D:9)
  9 fungi
  8 plants
31 creatures vanquished.

Grand Total: 510 creatures vanquished

Notes
Turn   | Place    | Note
-------+----------+-------------------------------------------
     0 | D:1      | MordorOrchid the Spriggan Berserker began the quest for the
                  | Orb.
     0 | D:1      | Reached XP level 1. HP: 11/11 MP: 2/2
    41 | D:1      | Reached skill level 1 in Stealth
   243 | D:1      | Reached XP level 2. HP: 16/16 MP: 3/3
  1168 | D:1      | Reached XP level 3. HP: 19/19 MP: 4/4
  1182 | D:1      | Reached ** piety under Trog
  1455 | D:2      | Reached skill level 5 in Dodging
  1565 | D:2      | Found a sacrificial altar of Ru.
  1863 | D:2      | Found a runed translucent door.
  2013 | D:2      | Reached XP level 4. HP: 23/23 MP: 5/5
  2064 | D:2      | Noticed Natasha
  2086 | D:2      | Killed Natasha
  2258 | D:3      | Found a bloodstained altar of Trog.
  3351 | D:4      | Reached XP level 5. HP: 27/27 MP: 6/6
  3511 | D:3      | Reached *** piety under Trog
  3516 | D:3      | Reached skill level 6 in Dodging
  3607 | D:4      | Found a shimmering blue altar of Sif Muna.
  3621 | D:4      | Reached skill level 5 in Stealth
  3737 | D:4      | Noticed a hippogriff
  3774 | D:4      | Killed a hippogriff
  3774 | D:4      | Reached skill level 1 in Throwing
  3774 | D:4      | Reached XP level 6. HP: 5/32 MP: 7/7
  4175 | D:4      | Found Hyhagos's Distillery.
  4178 | D:4      | Bought a potion of curing for 33 gold pieces
  4178 | D:4      | Bought a potion of degeneration for 11 gold pieces
  4178 | D:4      | Bought a potion of invisibility for 88 gold pieces
  4178 | D:4      | Bought a potion of flight for 33 gold pieces
  4303 | D:4      | Reached XP level 7. HP: 33/36 MP: 8/8
  4623 | D:5      | Entered Level 5 of the Dungeon
  4759 | D:4      | Noticed Grinder
  4773 | D:4      | Reached skill level 5 in Short Blades
  4806 | D:4      | Paralysed by Grinder for 4 turns
  4813 | D:4      | Killed Grinder
  4813 | D:4      | Reached skill level 7 in Dodging
  5168 | D:5      | Noticed Menkaure
  5201 | D:5      | Killed Menkaure
  5603 | D:5      | Reached XP level 8. HP: 42/42 MP: 9/9
  5716 | D:5      | Noticed Edmund
  5812 | D:5      | Killed Edmund
  5812 | D:5      | Reached skill level 8 in Dodging
  5886 | D:5      | Found an ancient bone altar of Kikubaaqudgha.
  6130 | D:5      | Found a shadowy altar of Dithmenos.
  6271 | D:5      | Found a staircase to the Ecumenical Temple.
  6475 | D:5      | Found a sparkling altar of Nemelex Xobeh.
  6475 | D:5      | Found a stormy altar of Qazlal.
  6553 | D:6      | Found a sand-covered staircase.
  6595 | D:6      | Reached **** piety under Trog
  6613 | Ossuary  | Entered an ossuary
  6623 | Ossuary  | Reached skill level 9 in Dodging
  6689 | Ossuary  | Reached skill level 5 in Fighting
  6743 | Ossuary  | Reached skill level 10 in Dodging
  6747 | Ossuary  | HP: 2/43 [mummy (19)]
  7253 | Ossuary  | Reached skill level 1 in Evocations
  7253 | Ossuary  | Reached XP level 9. HP: 41/47 MP: 10/10
  7967 | D:6      | Found a radiant altar of Vehumet.
  7972 | D:6      | Noticed Maggie
  8037 | D:6      | Reached ***** piety under Trog
  8212 | D:6      | Killed Maggie
  8265 | D:6      | Reached skill level 1 in Armour
  9890 | D:7      | Found a sacrificial altar of Ru.
 10383 | D:7      | Reached skill level 11 in Dodging
 10383 | D:7      | Reached XP level 10. HP: 26/53 MP: 14/14
 10941 | D:7      | Reached skill level 5 in Evocations
 11356 | D:7      | Found a burning altar of Makhleb.
 11504 | D:8      | Noticed Gastronok
 11781 | D:8      | Got an ominously black robe
 11968 | D:8      | Identified the +2 robe of Uskayaw's Fury {Str+4} (You found
                  | it on level 8 of the Dungeon)
 12069 | D:8      | Reached skill level 12 in Dodging
 12261 | D:8      | Found a staircase to the Lair.
 12468 | D:8      | Reached skill level 5 in Armour
 12843 | D:8      | Found a glowing golden altar of the Shining One.
 13631 | D:9      | Found an ornate altar of the Wu Jian Council.
 13660 | D:9      | Found an opulent altar of Gozag.
 13690 | D:9      | Found a blossoming altar of Fedhas.
 13690 | D:9      | Noticed a red ugly thing
 13856 | D:9      | Killed a red ugly thing
 14038 | D:9      | Found a staircase to the Orcish Mines.
 14498 | D:9      | Reached XP level 11. HP: 56/56 MP: 15/15
 14671 | D:9      | Found a hide-covered altar of Uskayaw.
 14672 | D:9      | Noticed a +0 dagger
 14672 | D:9      | Noticed a +0 hand axe
 14676 | D:9      | Received a gift from Trog
 14752 | D:10     | Entered Level 10 of the Dungeon
 14861 | D:10     | Noticed a two-headed ogre
 14927 | D:9      | Killed a two-headed ogre
 15075 | D:10     | Noticed Josephine
 15693 | D:11     | Noticed a two-headed ogre
 15882 | D:11     | Killed a two-headed ogre
 16109 | Lair:1   | Entered Level 1 of the Lair of Beasts
 16112 | Lair:1   | Received a gift from Trog
 16624 | Lair:1   | Noticed Urug
 16909 | Lair:1   | Killed Urug
 16909 | Lair:1   | Reached skill level 10 in Stealth
 17032 | Lair:1   | Found a glowing silver altar of Zin.
 17249 | Lair:2   | Found a hole to the Spider Nest.
 17495 | Lair:1   | Reached XP level 12. HP: 62/62 MP: 5/17
 19585 | Lair:3   | Noticed Shaidar's ghost (journeyman GnFi)
 19595 | Lair:3   | Found a runed translucent door.
 20491 | Lair:4   | Noticed a four-headed hydra
 20759 | Lair:4   | Reached ****** piety under Trog
 20765 | Lair:4   | Reached skill level 13 in Dodging
 20905 | Lair:4   | Noticed a seven-headed hydra
 20951 | Lair:4   | Killed a seven-headed hydra
 21211 | Lair:4   | Killed a four-headed hydra
 21340 | Lair:4   | Reached XP level 13. HP: 28/67 MP: 6/19
 21401 | Lair:4   | Reached skill level 10 in Short Blades
 21506 | Lair:4   | Found a staircase to the Shoals.
 21920 | Lair:5   | Found a staircase to the Slime Pits.
 22332 | Lair:5   | Reached skill level 10 in Armour
 23005 | Lair:5   | Reached skill level 14 in Dodging
 23107 | Lair:6   | Entered Level 6 of the Lair of Beasts
 23687 | Lair:6   | Received a gift from Trog
 24276 | Lair:6   | Reached XP level 14. HP: 26/73 MP: 7/21
 24302 | Lair:6   | Killed from afar by a lindwurm

Illustrated notes

Levels and vault maps discovered:
D:1:      dpeg_arrival_round_c, layout_basic, kennysheep_decorative_pillar,
          minivault_24, serial_bayou_lake_a
D:2:      layout_basic, old_standard_altar, first_ration, uniq_natasha,
          uniq_crazy_yiuf_cottage
D:3:      layout_basic, lemuel_doored_altar
D:4:      kb_forest_paths, layout_basic, old_standard_altar, serial_shops,
          nicolae_shop_behind_doors, uniq_grinder
D:5:      cheibrodos_helix_gallery, layout_rooms,
          nicolae_dithmenos_through_a_glass_darkly,
          gammafunk_temple_overflow_pools, minmay_temple_entry_enclosed_plants,
          tgw_kikubaaqudgha, uniq_edmund, uniq_menkaure
D:6:      layout_loops_cross, vehumet_crystals, gup_ossuary_entry_pyramid,
          uniq_maggie
D:7:      layout_rooms, kennysheep_mini_moat, grunt_ogre_cave,
          minmay_misc_feat_tiny, minmay_misc_feat_square, minmay_misc_feat_room,
          nicolae_ru_awakened_eye
D:8:      layout_gridville, marbit_many_paths, david_lair_generic,
          minmay_radiant, uniq_gastronok
D:9:      layout_roguey, dancing_weapons_uskayaw, kennysheep_mini,
          nicolae_gozag_cash_rules_everything_around_me,
          fedhas_bush_and_centaur_altar, minmay_orc_entry_guard_dogs
D:10:     layout_roguey, uniq_josephine
D:11:     layout_roguey
Lair:1:   layout_regular_city, basic_altar, uniq_urug
Lair:2:   layout_big_grid, spider_nest_entry_a, grunt_megastairs_3
Lair:3:   layout_chaotic_city, hellmonk_ghost_happy_afterlife,
          chequers_serial_rivers_micro_d, grunt_megastairs_4
Lair:4:   layout_loops_ring, elwin_shoals_entry_stream, dpeg_oklob_1,
          grunt_megastairs_5, serial_bayou_shore_b, minmay_lair_oklob_chamber,
          serial_bayou_shore_b, lemuel_fruit_fields, lemuel_fruit_fields,
          serial_bayou_shore_b
Lair:5:   layout_concentric_octagons, slime_dummy
Lair:6:   grunt_lair_end_beastmaster, layout_cave_pods

Skill      XL: |  1  2  3  4  5  6  7  8  9 10 11 12 13 |
---------------+----------------------------------------+-----
Stealth        | 2 3 4 6 7 8 9 10 12 13 | 13.8
Dodging        | 5 6 7 10 11 12 13 14 | 14.9
Short Blades   | 4 5 6 7 9 12 | 12.0
Fighting       | 3 5 6 7 8 |  8.1
Throwing       | 1 2 4 |  4.0
Evocations     | 1 4 5 7 8 |  8.0
Armour         | 3 7 9 10 | 10.0

Action                   |  1- 3 |  4- 6 |  7- 9 | 10-12 | 13-15 || total
-------------------------+-------+-------+-------+-------+-------++-------
Melee: Short sword       |   151 |   108 |   469 |   357 |       ||  1085
       Flail             |       |     5 |    70 |       |       ||    75
       Rapier            |       |       |       |   673 |   448 ||  1121
 Fire: Hunting sling     |       |       |   244 |   272 |       ||   516
Throw: Dart              |     3 |    33 |    34 |   316 |   141 ||   527
       Stone             |    13 |    26 |    12 |     1 |     1 ||    53
       Boomerang         |       |       |       |     6 |     1 ||     7
       Throwing net      |       |       |       |     7 |     3 ||    10
Invok: Berserk           |     1 |     1 |     2 |     3 |       ||     7
       Trog's Hand       |       |       |     2 |     7 |     4 ||    13
Evoke: Wand              |       |       |    23 |    22 |     2 ||    47
       Phial of floods   |       |       |       |     2 |       ||     2
  Use: Scroll            |       |     6 |    10 |    14 |     3 ||    33
       Potion            |       |     1 |     6 |     5 |     4 ||    16
 Stab: Sleeping          |     9 |    13 |     5 |    35 |    10 ||    72
       Distracted        |       |     1 |     4 |     4 |       ||     9
       Confused          |       |       |     1 |     1 |       ||     2
       Invisible         |       |       |     4 |       |       ||     4
       Paralysed         |       |       |       |     2 |       ||     2
       Held in net/web   |       |       |       |       |     2 ||     2
  Eat: Ration            |       |     1 |     5 |     8 |     3 ||    17
Armor: Animal skin       |    12 |     2 |       |       |       ||    14
       Skin              |       |       |    28 |     5 |       ||    33
       Robe              |       |       |    12 |     2 |       ||    14
       Swamp dragon scal |       |       |       |    95 |    37 ||   132
Dodge: Dodged            |   130 |    60 |   396 |   788 |   267 ||  1641
